General information
- name: BNet
- type: Ladder team game (AT/RT)
- host: Battle.net
- saver: TheUSDollar
map: UpperKingdom
- players: 6
- length: 16:19
- speed: Fast
- version: 1.24 W3XP
- replay type: Public
» download(124 KB)
Players
team 1 (loser)

»
DynamoLygten (
blue | 83 APM | 1336 actions | 16:06)
3 Archmage
1 Summon Water Elemental
2 Brilliance Aura
» actions
| Assign group hotkey | 41 | |
| Basic commands | 6 | |
| Build / train | 74 | |
| ESC pressed | 4 | |
| Enter build submenu | 34 | |
| Enter hero's abilities submenu | 3 | |
| Remove unit from queue | 2 | |
| Right click | 511 | |
| Select / deselect | 259 | |
| Select group hotkey | 338 | |
| Use ability | 64 | |
1336 total
» units
| Peasant | 35 | |
| Footman | 5 | |
| Rifleman | 9 | |
49 total
» upgrades
| Gunpowder | 2 | |
| Masonry | 1 | |
| Lumber Harvesting | 1 | |
| Long Rifles | 1 | |
5 total
» buildings
| Altar of Kings | 1 | |
| Barracks | 2 | |
| Farm | 12 | |
| Town Hall | 2 | |
| Arcane Vault | 1 | |
| Blacksmith | 1 | |
| Keep | 1 | |
| Lumber Mill | 1 | |
| Scout Tower | 13 | |
| Guard Tower | 4 | |
| Castle | 1 | |
39 total
» build order
00:06 Altar of Kings
00:21 Barracks
00:35 Farm
00:52 Farm
01:38 Farm
03:06 Farm
03:34 Town Hall
03:55 Arcane Vault
05:46 Barracks
05:53 Blacksmith
06:02 Farm
06:56 Farm
07:29 Farm
07:29 Farm
08:18 Town Hall
09:50 Keep
11:06 Farm
11:09 Lumber Mill
11:14 Scout Tower
11:16 Scout Tower
11:20 Scout Tower
11:21 Scout Tower
11:22 Scout Tower
11:32 Farm
11:37 Farm
11:39 Farm
12:07 Guard Tower
12:08 Scout Tower
12:20 Scout Tower
12:32 Scout Tower
12:33 Scout Tower
12:36 Scout Tower
13:34 Guard Tower
13:59 Scout Tower
14:00 Scout Tower
14:01 Scout Tower
14:11 Guard Tower
15:01 Guard Tower
15:33 Castle
» items
| Scroll of Regeneration | 5 | |
| Lesser Clarity Potion | 2 | |
| Scroll of Town Portal | 1 | |
8 total

»
hansiderhans (
orange | 62 APM | 1006 actions | 16:18)
4 Death Knight
2 Death Coil
2 Unholy Aura
» actions
| Assign group hotkey | 20 | |
| Basic commands | 18 | |
| Build / train | 30 | |
| Enter build submenu | 11 | |
| Enter hero's abilities submenu | 4 | |
| Right click | 363 | |
| Select / deselect | 170 | |
| Select group hotkey | 350 | |
| Use ability | 40 | |
1006 total
» units
| Acolyte | 2 | |
| Ghoul | 1 | |
| Crypt Fiend | 8 | |
11 total
» upgrades
» buildings
| Crypt | 1 | |
| Ziggurat | 4 | |
| Graveyard | 1 | |
| Altar of Darkness | 1 | |
| Tomb of Relics | 1 | |
| Halls of the Dead | 1 | |
| Spirit Tower | 2 | |
11 total
» build order
00:26 Crypt
00:36 Ziggurat
00:43 Graveyard
01:02 Altar of Darkness
01:20 Tomb of Relics
01:55 Ziggurat
04:55 Ziggurat
06:11 Halls of the Dead
08:57 Ziggurat
10:04 Spirit Tower
10:40 Spirit Tower
» items
| Rod of Necromancy | 2 | |
| Dust of Appearance | 1 | |
| Healing Salve | 1 | |
| Lesser Clarity Potion | 2 | |
| Scroll of Town Portal | 2 | |
8 total

»
Peerless (
yellow | 93 APM | 1507 actions | 16:13)
4 Blademaster
2 Wind Walk
2 Critical Strike
1 Archmage
1 Summon Water Elemental
» actions
| Assign group hotkey | 21 | |
| Basic commands | 1 | |
| Build / train | 33 | |
| Enter build submenu | 11 | |
| Enter hero's abilities submenu | 5 | |
| Remove unit from queue | 2 | |
| Right click | 803 | |
| Select / deselect | 261 | |
| Select group hotkey | 334 | |
| Use ability | 36 | |
1507 total
» units
» buildings
| Altar of Storms | 1 | |
| Orc Burrow | 4 | |
| Barracks | 1 | |
| Voodoo Lounge | 1 | |
7 total
» build order
00:13 Altar of Storms
00:21 Orc Burrow
00:37 Barracks
01:38 Orc Burrow
01:55 Voodoo Lounge
06:03 Orc Burrow
06:39 Orc Burrow
» items
| Healing Salve | 1 | |
| Lesser Clarity Potion | 3 | |
| Scroll of Regeneration | 1 | |
| Potion of Healing | 1 | |
6 total
team 2 (winner)

»
Doof. (
red | 79 APM | 1283 actions | 16:18)
4 Pandaren Brewmaster
2 Breath of Fire
2 Drunken Haze
» actions
| Assign group hotkey | 19 | |
| Basic commands | 24 | |
| Build / train | 44 | |
| Enter build submenu | 12 | |
| Enter hero's abilities submenu | 4 | |
| Remove unit from queue | 2 | |
| Right click | 626 | |
| Select / deselect | 228 | |
| Select group hotkey | 284 | |
| Use ability | 40 | |
1283 total
» units
| Wisp | 18 | |
| Huntress | 9 | |
| Glaive Thrower | 1 | |
28 total
» upgrades
| Ultravision | 1 | |
| Strength of the Moon | 1 | |
| Moon Armor | 1 | |
3 total
» buildings
| Moon Well | 5 | |
| Altar of Elders | 1 | |
| Ancient of War | 3 | |
| Hunter's Hall | 1 | |
| Tree of Ages | 1 | |
| Ancient of Wonders | 1 | |
| Tree of Life | 1 | |
13 total
» build order
00:13 Moon Well
01:03 Altar of Elders
01:43 Ancient of War
01:45 Hunter's Hall
02:06 Ancient of War
02:19 Moon Well
02:37 Moon Well
04:41 Moon Well
07:10 Tree of Ages
07:13 Moon Well
08:11 Ancient of Wonders
11:29 Tree of Life
14:36 Ancient of War
» items
| Scroll of Town Portal | 1 | |
| Moonstone | 1 | |
| Lesser Clarity Potion | 1 | |
3 total

»
onemanwolfpack (
teal | 103 APM | 1681 actions | 16:18)
4 Pandaren Brewmaster
2 Breath of Fire
2 Drunken Brawler
1 Keeper of the Grove
1 Entangling Roots
» actions
| Assign group hotkey | 69 | |
| Basic commands | 15 | |
| Build / train | 50 | |
| ESC pressed | 1 | |
| Enter build submenu | 21 | |
| Enter hero's abilities submenu | 5 | |
| Give item / drop item | 3 | |
| Right click | 869 | |
| Select / deselect | 242 | |
| Select group hotkey | 348 | |
| Use ability | 58 | |
1681 total
» units
| Wisp | 21 | |
| Huntress | 10 | |
| Dryad | 1 | |
| Druid of the Claw | 2 | |
34 total
» upgrades
| Strength of the Moon | 1 | |
| Moon Armor | 1 | |
| Ultravision | 1 | |
| Druid of the Claw Training | 1 | |
4 total
» buildings
| Moon Well | 5 | |
| Altar of Elders | 1 | |
| Ancient of War | 5 | |
| Hunter's Hall | 1 | |
| Ancient Protector | 1 | |
| Tree of Ages | 1 | |
| Ancient of Wonders | 1 | |
| Ancient of Lore | 2 | |
| Tree of Eternity | 1 | |
18 total
» build order
00:05 Moon Well
00:36 Altar of Elders
02:06 Ancient of War
02:16 Moon Well
02:19 Hunter's Hall
02:41 Ancient of War
03:22 Ancient of War
03:41 Ancient of War
04:11 Ancient of War
04:27 Ancient Protector
04:30 Moon Well
06:37 Moon Well
08:28 Tree of Ages
08:47 Ancient of Wonders
11:36 Ancient of Lore
11:37 Ancient of Lore
12:30 Moon Well
14:04 Tree of Eternity
» items
| Scroll of Town Portal | 1 | |
| Staff of Preservation | 1 | |
| Lesser Clarity Potion | 1 | |
3 total

»
TheUSDollar (
pink | 112 APM | 1829 actions | 16:19)
4 Pandaren Brewmaster
2 Breath of Fire
2 Drunken Haze
2 Keeper of the Grove
1 Entangling Roots
1 Thorns Aura
» actions
| Assign group hotkey | 25 | |
| Basic commands | 59 | |
| Build / train | 50 | |
| ESC pressed | 3 | |
| Enter build submenu | 16 | |
| Enter hero's abilities submenu | 6 | |
| Give item / drop item | 1 | |
| Right click | 833 | |
| Select / deselect | 518 | |
| Select group hotkey | 270 | |
| Use ability | 48 | |
1829 total
» units
» upgrades
| Moon Armor | 1 | |
| Strength of the Moon | 1 | |
| Strength of the Wild | 2 | |
| Abolish Magic | 1 | |
| Reinforced Hides | 1 | |
6 total
» buildings
| Altar of Elders | 1 | |
| Moon Well | 7 | |
| Hunter's Hall | 1 | |
| Ancient of War | 2 | |
| Tree of Ages | 1 | |
| Ancient of Lore | 2 | |
| Ancient of Wonders | 1 | |
| Tree of Life | 1 | |
| Tree of Eternity | 2 | |
18 total
» build order
00:06 Altar of Elders
00:10 Moon Well
01:29 Hunter's Hall
02:04 Ancient of War
02:06 Ancient of War
02:18 Moon Well
04:24 Moon Well
04:26 Moon Well
05:46 Tree of Ages
08:31 Ancient of Lore
08:33 Ancient of Lore
08:49 Ancient of Wonders
09:33 Moon Well
10:54 Moon Well
11:57 Tree of Life
12:31 Moon Well
13:51 Tree of Eternity
13:51 Tree of Eternity
» items
Chat log
(00:13 / Allies) onemanwolfpack: im goin panda
(00:18 / Allies) onemanwolfpack: tri panda?!
(00:22 / Allies) Doof.: we could do some gay 3 panda hunt rush
(00:25 / Allies) onemanwolfpack: ya
(00:27 / Allies) onemanwolfpack: ill send wisp
(00:31 / Allies) Doof.: k
(00:45 / Allies) Doof.: scout now
(00:48 / Allies) onemanwolfpack: am
(01:31 / Allies) Doof.: hit orc?
(01:36 / Allies) onemanwolfpack: ya
(01:56 / Allies) Doof.: send now
(01:58 / Allies) Doof.: dont scout other
(02:01 / Allies) Doof.: o
(02:43 / Allies) TheUSDollar: nice
(02:46 / Allies) TheUSDollar: yellow lol
(06:21 / Allies) Doof.: nice item
(06:22 / Allies) Doof.: lol
(06:29 / Allies) Doof.: lets go hu
(07:18 / Allies) TheUSDollar: dead hall
(07:28 / All) Peerless: lol
(08:04 / Allies) Doof.: im b
(08:32 / Allies) Doof.: go orc with me
(08:33 / Allies) Doof.: jack
(08:39 / Allies) onemanwolfpack: no tp
(08:41 / Allies) onemanwolfpack: u might get boned
(08:43 / Allies) Doof.: if they hit me might have to sac
(08:48 / Allies) Doof.: they have no tp
(08:49 / Allies) Doof.: either
(08:56 / Allies) onemanwolfpack: ya
(09:28 / Allies) onemanwolfpack: gonna have to dodge him
(09:44 / Allies) Doof.: go
(10:21 / Allies) Doof.: lol
(10:36 / Allies) onemanwolfpack: lawl
(10:37 / Allies) onemanwolfpack: wait till that
(10:38 / Allies) onemanwolfpack: to tp
(12:46 / Allies) onemanwolfpack: lol
(12:48 / Allies) onemanwolfpack: too late
(12:52 / Allies) Doof.: no
(13:02 / Allies) Doof.: b
(13:04 / Allies) onemanwolfpack: i mean hes too late
(13:17 / Allies) onemanwolfpack: run
(13:34 / Allies) Doof.: get bears
(13:37 / Allies) Doof.: talons
(13:54 / Allies) Doof.: panda still rape them
(14:06 / Allies) onemanwolfpack: ill get bear
(14:10 / Allies) Doof.: k
(14:15 / Allies) Doof.: gold
(14:16 / Allies) Doof.: ?
(14:27 / Allies) Doof.: i bloked in all my wips
(14:28 / Allies) Doof.: lol
(15:01 / Allies) Doof.: pass some gold for tp
(15:02 / Allies) Doof.: brt
(15:26 / Allies) Doof.: tp?
(15:29 / Allies) onemanwolfpack: ya rdy?
(15:32 / Allies) Doof.: go
(16:03 / All) DynamoLygten: gg
(16:07 / All) onemanwolfpack: gg